PAA
VIRGINIA PALLADIUM SOX @ WESTWOOD SIXSHOOTERS
08/10/2038
 
TOP OF THE 1ST
Virginia Palladium Sox batting - Pitching for Westwood Sixshooters : LHP Narihira Yokota
Pitching: LHP Narihira Yokota
Batting: RHB Juan Ocasio 0-0: Ball
1-0: Ball
2-0: Foul Ball, location: 2F
2-1: Swinging Strike
2-2: Foul Ball, location: 2F
2-2: Fly out, F8 (Flyball, 89M, EV 91.9 MPH)
Batting: RHB Leonard Carroll 0-0: Ball
1-0: Called Strike
1-1: SINGLE (Groundball, 56D, EV 98.8 MPH)
Batting: LHB Chris Fitzgerald 0-0: Called Strike
0-1: Fly out, F9 (Flyball, 9D, EV 90.6 MPH)
Batting: RHB Seung-hwan Pak 0-0: Swinging Strike
0-1: Ball
1-1: Ball
2-1: Fly out, F8 (Flyball, 8RS, EV 88.8 MPH)
Top of the 1st over - 0 runs, 1 hit, 0 errors, 1 left on base; Virginia 0 - Westwood 0
BOTTOM OF THE 1ST
Westwood Sixshooters batting - Pitching for Virginia Palladium Sox : LHP Tony Torres
Pitching: LHP Tony Torres
Batting: LHB Rafael Urrutiz 0-0: Ball
1-0: Called Strike
1-1: Foul Ball, location: 2F
1-2: Fly out, F9 (Flyball, 9, EV 88.8 MPH)
Batting: LHB Juan Carlos Vázquez 0-0: Ball
1-0: Called Strike
1-1: Ball
2-1: SOLO HOME RUN (Flyball, 9LD, EV 91.2 MPH), Distance : 350 ft
Batting: RHB Sean Wallace 0-0: Ball
1-0: Ball
2-0: Ball
3-0: Called Strike
3-1: Swinging Strike
3-2: SINGLE (Line Drive, 56, EV 96.2 MPH)
Batting: RHB Oki Hai 0-0: Ball
1-0: Ball
2-0: Ball
3-0: Grounds into double play, 6-4-3 (Groundball, 6, EV 85.0 MPH)
Bottom of the 1st over - 1 run, 2 hits, 0 errors, 0 left on base; Virginia 0 - Westwood 1
TOP OF THE 2ND
Virginia Palladium Sox batting - Pitching for Westwood Sixshooters : LHP Narihira Yokota
Batting: RHB Cristo Cuervo 0-0: Foul Ball, location: 2F
0-1: Called Strike
0-2: Foul Ball, location: 2F
0-2: Foul Ball, location: 2F
0-2: Fly out, F7 (Flyball, 7LD, EV 96.9 MPH)
Batting: LHB Dave Watts 0-0: Called Strike
0-1: Foul Ball, location: 2F
0-2: Ball
1-2: Ball
2-2: Fly out, F7 (Flyball, 7LS, EV 80.0 MPH)
Batting: RHB Sergio Aguero 0-0: Ground out U3 (Groundball, 34, EV 93.1 MPH)
Top of the 2nd over - 0 runs, 0 hits, 0 errors, 0 left on base; Virginia 0 - Westwood 1
BOTTOM OF THE 2ND
Westwood Sixshooters batting - Pitching for Virginia Palladium Sox : LHP Tony Torres
Batting: LHB Benno Luby 0-0: Swinging Strike
0-1: Foul Ball, location: 2F
0-2: Foul Ball, location: 2F
0-2: Ball
1-2: Ball
2-2: Ball
3-2: Foul Ball, location: 2F
3-2: Base on Balls
Batting: RHB Yoshihiro Iwasaki 0-0: Foul Ball, location: 2F
0-1: Ball
1-1: DOUBLE (Line Drive, 9LS, EV 103.1 MPH)
Benno Luby to third
Batting: LHB Alfonso López 0-0: Ball
1-0: Swinging Strike
1-1: Called Strike
1-2: Strikes out swinging
Batting: LHB Leilani Aberahama 0-0: Ball
1-0: Ball
2-0: Ball
3-0: Called Strike
3-1: Swinging Strike
3-2: Fly out, F7 (Flyball, 78M, EV 81.9 MPH)
Runner from 3rd tags up, OUT at HOME! 7-2
Bottom of the 2nd over - 0 runs, 1 hit, 0 errors, 1 left on base; Virginia 0 - Westwood 1
TOP OF THE 3RD
Virginia Palladium Sox batting - Pitching for Westwood Sixshooters : LHP Narihira Yokota
Batting: RHB Dave Lewis 0-0: Called Strike
0-1: Foul Ball, location: 2F
0-2: Ground out 6-3 (Groundball, 6, EV 83.8 MPH)
Batting: LHB Jorge Castillo 0-0: Ground out 6-3 (Groundball, 56, EV 82.5 MPH)
Batting: RHB Juan Ocasio 0-0: Ball
1-0: SINGLE (Groundball, 15S, EV 68.8 MPH) (infield hit)
Batting: RHB Leonard Carroll 0-0: Fly out, F9 (Line Drive, 9D, EV 105.0 MPH)
Top of the 3rd over - 0 runs, 1 hit, 0 errors, 1 left on base; Virginia 0 - Westwood 1
BOTTOM OF THE 3RD
Westwood Sixshooters batting - Pitching for Virginia Palladium Sox : LHP Tony Torres
Batting: RHB Sterling Massingham 0-0: Ball
1-0: Ball
2-0: Foul Ball, location: 2F
2-1: Called Strike
2-2: Strikes out looking
Batting: LHB Rafael Urrutiz 0-0: Foul Ball, location: 2F
0-1: Foul Ball, location: 2F
0-2: Ball
1-2: Foul Ball, location: 2F
1-2: Foul Ball, location: 2F
1-2: SINGLE (Groundball, 3D, EV 101.2 MPH)
Batting: LHB Juan Carlos Vázquez 0-0: Called Strike
0-1: Ball
1-1: Called Strike
1-2: Hit by Pitch
Rafael Urrutiz to second
Batting: RHB Sean Wallace 0-0: Called Strike
Rafael Urrutiz steals 3rd base
0-1: Foul Ball, location: 2F
0-2: Strikes out looking
Batting: RHB Oki Hai 0-0: Ball
1-0: Foul Ball, location: 2F
1-1: Ball
2-1: Ball
3-1: Called Strike
3-2: DOUBLE (Line Drive, 89XD, EV 109.4 MPH)
Rafael Urrutiz scores
Juan Carlos Vázquez to third
Juan Carlos Vázquez scores
Batting: LHB Benno Luby 0-0: Called Strike
0-1: Ball
1-1: Ball
2-1: Swinging Strike
2-2: SINGLE (Line Drive, 8LS, EV 91.9 MPH)
Oki Hai to third
Runner from 3rd tries for Home, SAFE, throw by CF to home
Batting: RHB Yoshihiro Iwasaki 0-0: Fly out, F9 (Flyball, 89S, EV 80.6 MPH)
Bottom of the 3rd over - 3 runs, 3 hits, 0 errors, 1 left on base; Virginia 0 - Westwood 4
TOP OF THE 4TH
Virginia Palladium Sox batting - Pitching for Westwood Sixshooters : LHP Narihira Yokota
Batting: LHB Chris Fitzgerald 0-0: Swinging Strike
0-1: Foul Ball, location: 2F
0-2: Ground out 4-3 (Groundball, 4, EV 81.9 MPH)
Batting: RHB Seung-hwan Pak 0-0: Foul Ball, location: 2F
0-1: Ball
1-1: Foul Ball, location: 2F
1-2: Fly out, F8 (Flyball, 8RD, EV 90.6 MPH)
Batting: RHB Cristo Cuervo 0-0: Foul Ball, location: 2F
0-1: Ball
1-1: Ground out 6-3 (Groundball, 6, EV 105.6 MPH)
Top of the 4th over - 0 runs, 0 hits, 0 errors, 0 left on base; Virginia 0 - Westwood 4
BOTTOM OF THE 4TH
Westwood Sixshooters batting - Pitching for Virginia Palladium Sox : LHP Tony Torres
Batting: LHB Alfonso López 0-0: Called Strike
0-1: Called Strike
0-2: Ball
1-2: Ball
2-2: Fly out, F8 (Flyball, 8RD, EV 98.8 MPH)
Batting: LHB Leilani Aberahama 0-0: Called Strike
0-1: Ball
1-1: Foul Ball, location: 2F
1-2: Ball
2-2: SINGLE (Groundball, 4, EV 101.9 MPH) (infield hit)
Batting: RHB Sterling Massingham 0-0: Ball
1-0: Fielders Choice at 2nd, 4-6 (Groundball, 4MS, EV 84.4 MPH)
Batting: LHB Rafael Urrutiz 0-0: Ball
1-0: Fielders Choice at 2nd, U6 (Groundball, 6M, EV 80.0 MPH)
Bottom of the 4th over - 0 runs, 1 hit, 0 errors, 1 left on base; Virginia 0 - Westwood 4
TOP OF THE 5TH
Virginia Palladium Sox batting - Pitching for Westwood Sixshooters : LHP Narihira Yokota
Batting: LHB Dave Watts 0-0: Ball
1-0: Swinging Strike
1-1: Foul Ball, location: 2F
1-2: SINGLE (Groundball, 4S, EV 69.4 MPH) (infield hit)
Pinch Runner at 1st John Ryan:
Batting: RHB Sergio Aguero 0-0: Ball
1-0: Ball
2-0: SINGLE (Groundball, 6MD, EV 98.1 MPH)
John Ryan to second
Runner from 2nd tries for 3rd, SAFE, throw by CF made to third
Batting: RHB Dave Lewis 0-0: Called Strike
0-1: Grounds into double play, 1-4-3 (Groundball, P, EV 85.0 MPH)
Batting: LHB Jorge Castillo 0-0: Fly out, F7 (Flyball, 7, EV 93.1 MPH)
Top of the 5th over - 0 runs, 2 hits, 0 errors, 1 left on base; Virginia 0 - Westwood 4
BOTTOM OF THE 5TH
Westwood Sixshooters batting - Pitching for Virginia Palladium Sox : LHP Tony Torres
Now in RF: John Ryan
Batting: LHB Juan Carlos Vázquez 0-0: Ball
1-0: Fly out, F8 (Line Drive, 8RD, EV 85.0 MPH)
Batting: RHB Sean Wallace 0-0: Called Strike
0-1: Foul Ball, location: 2F
0-2: Fly out, F8 (Flyball, 89XD, EV 103.8 MPH)
Batting: RHB Oki Hai 0-0: Reached on error, E3 (Popup, 3L, EV 69.4 MPH)
Batting: LHB Benno Luby 0-0: Ball
1-0: Foul Ball, location: 2F
1-1: Foul Ball, location: 2F
1-2: Strikes out swinging
Bottom of the 5th over - 0 runs, 0 hits, 1 error, 1 left on base; Virginia 0 - Westwood 4
TOP OF THE 6TH
Virginia Palladium Sox batting - Pitching for Westwood Sixshooters : LHP Narihira Yokota
Batting: RHB Juan Ocasio 0-0: Ball
1-0: Ball
2-0: Called Strike
2-1: Foul Ball, location: 2F
2-2: Foul Ball, location: 2F
2-2: Ground out 6-3 (Groundball, 56, EV 103.8 MPH)
Batting: RHB Leonard Carroll 0-0: DOUBLE (Line Drive, 7LS, EV 94.4 MPH)
Batting: LHB Chris Fitzgerald 0-0: SINGLE (Groundball, 4S, EV 69.4 MPH) (infield hit)
Leonard Carroll to third
Batting: RHB Seung-hwan Pak 0-0: SINGLE (Line Drive, 9S, EV 93.1 MPH)
Leonard Carroll scores
Chris Fitzgerald to second
Runner from 2nd tries for 3rd, SAFE, no throw by RF
Batting: RHB Cristo Cuervo 0-0: Swinging Strike
0-1: Ball
1-1: Ball
2-1: Ground out 5-3 (Groundball, 5, EV 84.4 MPH)
Seung-hwan Pak to second
Batting: RHB John Ryan 0-0: Foul Ball, location: 2F
0-1: Swinging Strike
0-2: Foul Ball, location: 2F
0-2: Strikes out swinging
Top of the 6th over - 1 run, 3 hits, 0 errors, 2 left on base; Virginia 1 - Westwood 4
BOTTOM OF THE 6TH
Westwood Sixshooters batting - Pitching for Virginia Palladium Sox : LHP Tony Torres
Batting: RHB Yoshihiro Iwasaki 0-0: Ball
1-0: Ball
2-0: Ball
3-0: Called Strike
3-1: Base on Balls
Batting: LHB Alfonso López 0-0: Bunt missed!
0-1: Sac Bunt to 15 - play at first, batter safe!
Yoshihiro Iwasaki to second
Batting: LHB Leilani Aberahama 0-0: Bunted foul
0-1: Sac Bunt to P - play at first, batter OUT! 1-4
Yoshihiro Iwasaki to third
Alfonso López to second
Batting: RHB Sterling Massingham 0-0: Foul Ball, location: 2F
0-1: Ball
1-1: Called Strike
1-2: Ball
2-2: TRIPLE (Flyball, 89XD, EV 103.1 MPH)
Yoshihiro Iwasaki scores
Alfonso López scores
Pitching: RHP Ron Harris
Batting: LHB Rafael Urrutiz 0-0: Swinging Strike
0-1: SINGLE (Line Drive, 9S, EV 106.2 MPH)
Sterling Massingham scores
Batting: LHB Juan Carlos Vázquez 0-0: Foul Ball, location: 2F
0-1: Called Strike
0-2: Ball
Rafael Urrutiz steals 2nd base
1-2: DOUBLE (Line Drive, 7LS, EV 111.2 MPH)
Rafael Urrutiz scores
Batting: RHB Sean Wallace 0-0: Ball
1-0: Ball
2-0: SINGLE (Flyball, 7LM, EV 101.2 MPH)
Juan Carlos Vázquez to third
Batting: RHB Oki Hai 0-0: Called Strike
0-1: Grounds into double play, 5-4-3 (Groundball, 56S, EV 85.6 MPH)
Bottom of the 6th over - 4 runs, 5 hits, 0 errors, 1 left on base; Virginia 1 - Westwood 8
TOP OF THE 7TH
Virginia Palladium Sox batting - Pitching for Westwood Sixshooters : LHP Narihira Yokota
Batting: RHB Sergio Aguero 0-0: Called Strike
0-1: Ball
1-1: Ball
2-1: Ball
3-1: SINGLE (Groundball, 6D, EV 95.6 MPH)
Batting: RHB Dave Lewis 0-0: Foul Ball, location: 2F
0-1: Foul Ball, location: 2F
0-2: Fly out, F9 (Flyball, 9LM, EV 88.1 MPH)
Pinch Hitting: RHB Jack Cobb 0-0: Fielders Choice at 2nd, 5-4 (Groundball, 56, EV 86.9 MPH)
Pinch Hitting: RHB Andy Garnet 0-0: Ball
1-0: Ground out 1-3 (Groundball, 15S, EV 63.1 MPH)
Top of the 7th over - 0 runs, 1 hit, 0 errors, 1 left on base; Virginia 1 - Westwood 8
BOTTOM OF THE 7TH
Westwood Sixshooters batting - Pitching for Virginia Palladium Sox : RHP Ron Harris
Now at 1B: Andy Garnet
Now in RF: Jack Cobb
Batting: LHB Benno Luby 0-0: Ground out 4-3 (Groundball, 4, EV 89.4 MPH)
Batting: RHB Yoshihiro Iwasaki 0-0: Fly out, F8 (Flyball, 8LS, EV 96.2 MPH)
Batting: LHB Alfonso López 0-0: Called Strike
0-1: Foul Ball, location: 2F
0-2: Ball
1-2: Ball
2-2: Foul Ball, location: 2F
2-2: Foul Ball, location: 2F
2-2: Foul Ball, location: 2F
2-2: Fly out, F9 (Line Drive, 9, EV 95.6 MPH)
Bottom of the 7th over - 0 runs, 0 hits, 0 errors, 0 left on base; Virginia 1 - Westwood 8
TOP OF THE 8TH
Virginia Palladium Sox batting - Pitching for Westwood Sixshooters : LHP Narihira Yokota
Pinch Hitting: RHB Tom Matthews 0-0: Called Strike
0-1: Ground out 1-3 (Groundball, 13S, EV 68.8 MPH)
Batting: LHB Chris Fitzgerald 0-0: Called Strike
0-1: Ball
1-1: Ground out 5-3 (Groundball, 56, EV 91.9 MPH)
Batting: RHB Seung-hwan Pak 0-0: Ball
1-0: Called Strike
1-1: Ball
2-1: Ball
3-1: Fly out, F9 (Flyball, 9, EV 76.2 MPH)
Top of the 8th over - 0 runs, 0 hits, 0 errors, 0 left on base; Virginia 1 - Westwood 8
BOTTOM OF THE 8TH
Westwood Sixshooters batting - Pitching for Virginia Palladium Sox : RHP Ron Harris
Now at SS: Tom Matthews
Batting: LHB Leilani Aberahama 0-0: Ball
1-0: Called Strike
1-1: Ground out U3 (Groundball, 34, EV 85.6 MPH)
Batting: RHB Sterling Massingham 0-0: Ground out 4-3 (Groundball, 4, EV 90.6 MPH)
Batting: LHB Rafael Urrutiz 0-0: Fly out, F6 (Line Drive, 6, EV 63.8 MPH)
Bottom of the 8th over - 0 runs, 0 hits, 0 errors, 0 left on base; Virginia 1 - Westwood 8
TOP OF THE 9TH
Virginia Palladium Sox batting - Pitching for Westwood Sixshooters : LHP Narihira Yokota
Batting: RHB Cristo Cuervo 0-0: Called Strike
0-1: Ball
1-1: Ball
2-1: Called Strike
2-2: Foul Ball, location: 2F
2-2: Foul Ball, location: 2F
2-2: Foul Ball, location: 2F
2-2: Fly out, F8 (Line Drive, 8LM, EV 98.1 MPH)
Batting: RHB John Ryan 0-0: Swinging Strike
0-1: Ball
1-1: Ball
2-1: SINGLE (Groundball, 6MD, EV 106.9 MPH)
Batting: RHB Sergio Aguero 0-0: Fly out, F8 (Flyball, 8LM, EV 87.5 MPH)
Batting: RHB Dave Lewis 0-0: Called Strike
0-1: Foul Ball, location: 2F
0-2: Ball
1-2: Fly out, F9 (Flyball, 89S, EV 83.8 MPH)
Top of the 9th over - 0 runs, 1 hit, 0 errors, 1 left on base; Virginia 1 - Westwood 8
Friday, April 17th, 2020 - OOTP Baseball 20.8 Build 74